 Dungeon Crawl Stone Soup version 0.31-a0-521-gc7390f8997 (webtiles) character file.

Game seed: 9736147013784473716

401 Shayle the Ruffian (level 6, -5/35 HPs)
             Began as an Ogre Shapeshifter on Aug 11, 2023.
             Was an Initiate of Ashenzari.
             Slain by a wyvern (16 damage)
             ... on level 7 of the Dungeon.
             The game lasted 00:12:15 (3409 turns).

Shayle the Ruffian (Ogre Shapeshifter)              Turns: 3409, Time: 00:12:16

Health: -5/35      AC:  9    Str: 25    XL:     6   Next: 85%
Magic:  12/12      EV:  9    Int: 11    God:    Ashenzari [......]
Gold:   142        SH:  0    Dex:  9    Spells: 13/13 levels left

rFire   . . .        h - melded +2 dagger (flame)
rCold   . . .        r - melded orb {*Rage}
rNeg    . . .        a - melded +0 animal skin
rPois   .            (helmet currently unavailable)
rElec   .            (cloak currently unavailable)
rCorr   .            (gloves unavailable)
SInv    .            (boots unavailable)
Will    .....        (no amulet)
Stlth   +            (no ring)
HPRegen 0.25/turn    (no ring)
MPRegen 0.13/turn

%: no passive effects
@: snake-form
A: constrict, reduced hp, large, unfitting armour, (tough skin 1)
a: Begin Untransformation, Renounce Religion


You were on level 7 of the Dungeon.
You worshipped Ashenzari.
Ashenzari was noncommittal.
You were an enormous anaconda.
You visited 2 branches of the dungeon, and saw 8 of its levels.

You collected 142 gold pieces.

Inventory:

Hand Weapons
 h - a +2 dagger of flaming (melded)
Armour
 a - a +0 animal skin (melded)
 q - a +2 kite shield
 r - an orb of wrath (melded)
Talismans
 c - a beast talisman
 d - a flux talisman
 n - a serpent talisman (active)
 u - a talisman of death
Wands
 b - a wand of acid (8)
 s - a wand of charming (7)
Scrolls
 e - a scroll of immolation
 i - 4 scrolls of enchant armour
 k - a scroll of brand weapon
 l - 2 scrolls of identify
 t - a scroll of poison {unknown}
Potions
 f - a potion of cancellation {unknown}
 o - 3 potions of heal wounds {unknown}
 v - a potion of berserk rage {unknown}


   Skills:
 - Level 1.3 Fighting
 - Level 1.7 Dodging
 + Level 4.5 Unarmed Combat
 + Level 4.0 Spellcasting
 + Level 4.4 Shapeshifting


You had 13 spell levels left.
You didn't know any spells.
Your spell library contained the following spells:

 Spells                   Type           Power      Damage    Failure   Level
 Sandblast                Erth           4%         2d4       24%         1
 Summon Small Mammal      Summ           8%         N/A       24%         1
 Ensorcelled Hibernation  Hex/Ice        4%         N/A       34%         2
 Passwall                 Tmut/Erth      1%         N/A       34%         2
 Call Canine Familiar     Summ           2%         N/A       56%         3
 Dazzling Flash           Conj/Hex       4%         N/A       56%         3
 Stone Arrow              Conj/Erth      4%         3d7       56%         3
 Summon Guardian Golem    Hex/Summ       2%         N/A       56%         3
 Swiftness                Air            2%         N/A       56%         3
 Agony                    Necr           2%         N/A       100%        5
 Silence                  Hex/Air        1%         N/A       100%        5


Dungeon Overview and Level Annotations

Branches:
Dungeon (7/15)             Temple (1/1) D:7

Altars:
Ashenzari
Dithmenos
Elyvilon
Fedhas
Gozag
Kikubaaqudgha
Makhleb
Nemelex Xobeh
Okawaru
Sif Muna
Trog
Uskayaw
Wu Jian
Yredelemnul


Innate Abilities, Weirdness & Mutations

You are an enormous anaconda.
You have a powerful constriction melee attack.
Your maximum health is decreased, since you lack skill for your form.
Your armour is entirely melded.
You are incapable of wielding weapons or throwing items.
You are too large for most types of armour.
((You have tough skin. (AC +1)))


Message History

You constrict the steam dragon.
You kill the steam dragon!
Your Spellcasting skill increases to level 4!
Found a staircase to the Ecumenical Temple.
You now have 121 gold pieces (gained 10).
Found an escape hatch in the ceiling.
There is a staircase to the Ecumenical Temple here.
You climb downwards.
Welcome to the Ecumenical Temple!
Found three altars.
Found a staircase back to the Dungeon.
There is a staircase back to the Dungeon here.
HP restored.
Done exploring.
You enter the shallow water.
There is a broken altar of Ashenzari here.
You coil in front of the altar of Ashenzari.
Ashenzari welcomes you!
Ashenzari warns you of distant threats and treasures.
Ashenzari reveals the structure of the dungeon to you.
Ashenzari shows you where magical portals lie.
There is a staircase back to the Dungeon here.
You climb upwards.
Welcome back to the Dungeon!
There is a staircase to the Ecumenical Temple here.
You aren't carrying any pieces of jewellery.
You now have 133 gold pieces (gained 12).
Found an escape hatch in the floor.
You now have 142 gold pieces (gained 9).
A wyvern comes into view.
The wyvern hisses angrily.
You see here 9 gold pieces.
A wyvern is nearby!
You barely miss the wyvern. Your grab misses the wyvern. The wyvern bites you!
You closely miss the wyvern. You grab the wyvern.
You constrict the wyvern, but do no damage.
The wyvern bites you! The wyvern bites you.
* * * LOW HITPOINT WARNING * * *
You lash the wyvern!
The wyvern is heavily wounded.
You constrict the wyvern. The wyvern bites you.
* * * LOW HITPOINT WARNING * * *
You feel better.
You constrict the wyvern. The wyvern bites you. The wyvern bites you!
You die...

##...# #....## #### .#
#.....# .<..#.. #.....#
...... #.....#. ..#.# .
. #.....#.... ###.# .# .
#..l..#...###...##.. #.
#.S.##.#........#..
.##.##...##...##..>..##.
..>............#........
.........##....##...###.
.........##.....#.###...
................#.#.....
........................
######...##......#......
######.............


You could see a wyvern.

Vanquished Creatures
  A steam dragon (D:7)
  An ice beast (D:7)
  5 adders
  7 gnolls
  A worm (D:2)
  4 dart slugs
  3 orcs
  2 ball pythons
  5 endoplasms
  A giant cockroach (D:3)
  5 goblins
  8 hobgoblins
  4 jackals (D:1)
  5 kobolds
  2 quokkas (D:1)
  5 bats
  3 frilled lizards
  4 rats
66 creatures vanquished.

Vanquished Creatures (collateral kills)
  An orc (D:6)
1 creature vanquished.

Grand Total: 67 creatures vanquished

Notes
Turn   | Place    | Note
-------+----------+-------------------------------------------
     0 | D:1      | Shayle the Ogre Shapeshifter began the quest for the Orb.
     0 | D:1      | Reached XP level 1. HP: 19/19 MP: 1/1
   194 | D:1      | Reached XP level 2. HP: 27/27 MP: 1/3
   314 | D:1      | Reached skill level 1 in Spellcasting
   535 | D:1      | Reached XP level 3. HP: 30/33 MP: 5/5
  1475 | D:2      | Reached XP level 4. HP: 40/41 MP: 5/7
  1689 | D:3      | Found a hide-covered altar of Uskayaw.
  1935 | D:3      | Reached XP level 5. HP: 15/48 MP: 8/8
  2480 | D:3      | Found a faded altar of an unknown god.
  2728 | D:5      | Entered Level 5 of the Dungeon
  2914 | D:5      | Noticed an ogre
  3225 | D:6      | Noticed an ogre
  3268 | D:7      | Noticed an ice beast
  3278 | D:7      | Killed an ice beast
  3279 | D:7      | Reached XP level 6. HP: 34/55 MP: 9/11
  3302 | D:7      | Noticed a steam dragon
  3309 | D:7      | Killed a steam dragon
  3310 | D:7      | Found a staircase to the Ecumenical Temple.
  3320 | Temple   | Entered the Ecumenical Temple
  3369 | Temple   | Became a worshipper of Ashenzari the Shackled
  3402 | D:7      | Noticed a wyvern
  3409 | D:7      | Slain by a wyvern

Illustrated notes

Levels and vault maps discovered:
D:1:      dpeg_arrival_rhombus, layout_basic
D:2:      layout_rooms
D:3:      layout_loops_corners, nicolae_uskayaw_suspiria,
          chequers_ecumenical_altar_simple_redux
D:4:      cheibrodos_thug_alley, layout_cave_pools,
          nicolae_tso_besieged_by_evil, marbit_many_paths, zin_treasury,
          uniq_robin
D:5:      layout_cave_pools, dk_xom_monty_hall, hex_large,
          corexii_item_surrounded_by_moat, hangedman_decor_points,
          reono_crystal_passage, pf_guarded_unrand_woodcutter, uniq_edmund
D:6:      layout_basic
D:7:      layout_gridville, minmay_temple_entry_slanted, serial_shops, shop
Temple:   nicolae_temple_bog_church

Skill      XL: |  1  2  3  4  5  6 |
---------------+-------------------+-----
Spellcasting   | 1 2 3 4 |  4.0
Unarmed Combat | 3 4 |  4.5
Shapeshifting  | 4 |  4.4
Fighting       | |  1.3
Dodging        | |  1.7

Action                     |  1- 3 |  4- 6 || total
---------------------------+-------+-------++-------
  Melee: Unarmed           |    33 |    12 ||    45
         Dagger            |    82 |    85 ||   167
         Punch             |     1 |       ||     1
         Constrict         |       |     3 ||     3
  Evoke: Wand              |       |     4 ||     4
    Use: Scroll            |       |     6 ||     6
         Potion            |       |     4 ||     4
 Armour: Animal skin       |    39 |    21 ||    60
         Skin              |       |    11 ||    11
  Dodge: Dodged            |    66 |    51 ||   117
   Form: Anaconda          |       |     1 ||     1

Table legend: (Time is in decaauts)
 A = Elapsed time spent in this place.
 B = Non-inter-level travel time spent in this place.
 C = Inter-level travel time spent in this place.
 D = Time resting spent in this place.
 E = Time spent auto-exploring this place.
 F = Levels seen in this place.
 G = Mean time per level.
                   A        B        C        D        E       F      G
               +--------+--------+--------+--------+--------+-----+--------+
         Total |   3452 |   3348 |    104 |    488 |   1938 |   8 |  431.5 |
       Dungeon |   3393 |   3289 |    104 |    488 |   1901 |   7 |  484.7 |
        Temple |     59 |     59 |      0 |      0 |     37 |   1 |   59.0 |
               +--------+--------+--------+--------+--------+-----+--------+

Top non-repeatable levels by time:
     D:1: 1174 daAuts
     D:3: 1001 daAuts
     D:2: 506 daAuts
     D:5: 281 daAuts
     D:6: 251 daAuts
     D:4: 89 daAuts
     D:7: 88 daAuts
  Temple: 59 daAuts
